 Dungeon Crawl Stone Soup version 0.30-a0-881-g1ff12e1e11 (webtiles) character file.

Game seed: 17334559147625609559

106215 cforsyth the Ogre Mage (level 16, -2/174 HPs)
             Began as an Ogre Fire Elementalist on Mar 14, 2023.
             Was a High Priest of Vehumet.
             Slain by a torpor snail (12 damage)
             ... on level 1 of the Spider Nest.
             The game lasted 01:17:26 (43608 turns).

cforsyth the Ogre Mage (Ogre Fire Elementalist)    Turns: 43608, Time: 01:17:27

Health: -2/174     AC: 13    Str: 16    XL:     16   Next: 43%
Magic:  24/44      EV:  9    Int: 22    God:    Vehumet [*****.]
Gold:   2402       SH:  0    Dex:  9    Spells: 26/46 levels left

rFire   + + .      SeeInvis .    E - staff of conjuration
rCold   . . .      Faith    .    (no shield)
rNeg    . . .      Spirit   .    T - +0 fire dragon scales
rPois   .          Reflect  .    c - +2 hat
rElec   .          Rampage  .    d - +1 cloak
rCorr   .                        (gloves unavailable)
Will    +....                    (boots unavailable) Stlth
                                 l - amulet of regeneration
HPRegen 1.29/turn                O - ring of protection from cold
MPRegen 0.29/turn                w - ring of magical power

@: slowed, very slow
A: large, unfitting armour, tough skin 1
a: Renounce Religion


You were on level 1 of the Spider Nest.
You worshipped Vehumet.
Vehumet was extremely pleased with you.
You visited 5 branches of the dungeon, and saw 24 of its levels.

You collected 2402 gold pieces.

Inventory:

Hand Weapons
 J - the +2 long sword of Doom {heavy, rC+ Will+ Str+2}
   (You found it on level 8 of the Dungeon)

   Str:       It affects your strength (+2).
   rC:        It protects you from cold.
   Will:      It increases your willpower.
 K - the +4 quarterstaff "Tuom" {spect, Str+2 Int+3 Dex-2}
   (You took it off a wight on level 9 of the Dungeon)

   Str:       It affects your strength (+2).
   Int:       It affects your intelligence (+3).
   Dex:       It affects your dexterity (-2).
Missiles
 Z - a throwing net
Armour
 a - a +0 robe
 c - a +2 hat (worn)
 d - a +1 cloak (worn)
 F - a +0 troll leather armour
 T - +0 fire dragon scales (worn)
 V - +0 shadow dragon scales
Magical Staves
 E - a staff of conjuration (weapon)
Jewellery
 i - an amulet of guardian spirit
 l - an amulet of regeneration (around neck)
 n - a ring of see invisible
 r - a +4 ring of slaying
 w - a ring of magical power (right hand)
 D - a +4 ring of protection
 H - a +6 ring of dexterity
 I - a +5 ring of evasion
 L - a +5 ring of evasion
 O - a ring of protection from cold (left hand)
 Y - a ring of flight
Wands
 m - a wand of polymorph (4)
 t - a wand of acid (13)
 y - a wand of iceblast (17)
 P - a wand of charming (17)
 Q - a wand of flame (25)
 U - a wand of mindburst (23)
Scrolls
 g - 4 scrolls of magic mapping
 h - 12 scrolls of teleportation
 j - 3 scrolls of immolation
 o - 5 scrolls of enchant armour
 p - 3 scrolls of vulnerability
 q - a scroll of fear
 s - 6 scrolls of identify
 u - 8 scrolls of poison
 x - 5 scrolls of amnesia
 A - 2 scrolls of blinking
 N - 2 scrolls of butterflies
 R - 5 scrolls of fog
 X - 3 scrolls of enchant weapon
Potions
 b - 6 potions of magic
 e - 4 potions of resistance
 f - 2 potions of heal wounds
 k - 5 potions of curing
 v - a potion of invisibility
 z - 4 potions of mutation
 B - 7 potions of might
 C - 3 potions of flight
 G - 4 potions of attraction
 M - a potion of brilliance
 S - 4 potions of haste
 W - a potion of lignification


   Skills:
 - Level 14.5 Fighting
 + Level 1.2 Armour
 - Level 10.9 Dodging
 - Level 2.5 Stealth
 - Level 15.5 Spellcasting
 - Level 13.0 Conjurations
 - Level 13.3 Fire Magic


You had 26 spell levels left.
You knew the following spells:

 Your Spells              Type           Power      Damage    Failure   Level
a - Foxfire               Conj/Fire      100%       2x1d9     1%          1
b - Scorch                Fire           100%       2d10      1%          2
c - Flame Wave            Conj/Fire      85%        2d18      1%          4
d - Sticky Flame          Conj/Fire      85%        2d10      1%          4
e - Iskenderun's Mystic   Conj/Tloc      62%        2d13      3%          4
f - Iskenderun's Battles  Conj           84%        2d13      1%          5

Your spell library contained the following spells:

 Spells                   Type           Power      Damage    Failure   Level
 Arcjolt                  Conj/Air       31%        1d41      9%          5
 Dazzling Flash           Conj/Hex       100%       N/A       1%          3
 Hailstorm                Conj/Ice       62%        3d13      1%          3
 Inner Flame              Hex/Fire       46%        N/A       1%          3
 Stone Arrow              Conj/Erth      100%       3d13      1%          3
 Ignite Poison            Fire/Tmut/Pois 36%        N/A       2%          3
 Kindle Blastsparks       Fire/Tloc/Air  72%        2d16      2%          3
 Starburst                Conj/Fire      42%        6d12      3%          6
 Freeze                   Ice            68%        1d8       4%          1
 Sandblast                Erth           34%        2d9       4%          1
 Lightning Bolt           Conj/Air       31%        1d48      9%          5
 Frozen Ramparts          Ice            34%        1d6       13%         3
 Necrotise                Necr           68%        1d7       17%         1
 Slow                     Hex            68%        N/A       17%         1
 Summon Small Mammal      Summ           68%        N/A       17%         1
 Freezing Cloud           Conj/Ice/Air   26%        6-21      21%         5
 Ensorcelled Hibernation  Hex/Ice        34%        N/A       26%         2
 Passwall                 Tmut/Erth      14%        N/A       26%         2
 Airstrike                Air            8%         2d(2-18)  38%         4
 Call Canine Familiar     Summ           17%        N/A       45%         3
 Confusing Touch          Hex            17%        N/A       45%         3
 Spider Form              Tmut/Pois      17%        N/A       45%         3
 Summon Guardian Golem    Hex/Summ       17%        N/A       45%         3
 Vampiric Draining        Necr           17%        2d7       45%         3
 Anguish                  Hex/Necr       8%         N/A       86%         4
 Animate Dead             Necr           17%        N/A       86%         4
 Manifold Assault         Tloc           17%        N/A       86%         4
 Summon Lightning Spire   Summ/Air       17%        N/A       86%         4
 Agony                    Necr           17%        N/A       99%         5
 Borgnjor's Vile Clutch   Necr/Erth      8%         N/A       99%         5
 Death Channel            Necr           8%         N/A       100%        6
 Dispersal                Tloc           8%         N/A       100%        6
 Disjunction              Tloc           8%         N/A       100%        8
 Chain Lightning          Conj/Air       31%        3d41      100%        9


Dungeon Overview and Level Annotations

Branches:
Dungeon (15/15)            Temple (1/1) D:4            Lair (5/5) D:11
 Shoals (0/4) Lair:2       Spider (1/4) Lair:3        Slime (0/5) Lair:5
    Orc (2/2) D:9             Elf (0/3) Orc:2        Vaults (0/5) D:14
 Depths (0/4) D:15

Altars:
Ashenzari
Cheibriados
Dithmenos
Elyvilon
Fedhas
Gozag
Hepliaklqana
Kikubaaqudgha
Makhleb
Nemelex Xobeh
Okawaru
Qazlal
Ru
Sif Muna
Trog
Uskayaw
Vehumet
Wu Jian
Xom
Yredelemnul
Zin
The Shining One

Shops:
Orc:1 *   Orc:2 ![*!

Annotations:
D:9 3 runed translucent doors, jr88keys's ghost, novice GrFi
Lair:5 exclusion: obsidian statue


Innate Abilities, Weirdness & Mutations

You are too large for most types of armour.
You have tough skin. (AC +1)


Message History

* * * LOW HITPOINT WARNING * * *
You feel extremely sick.
Unknown command.
You feel better. The torpor snail bites you.
* * * LOW HITPOINT WARNING * * *
Unknown command.
Casting: Flame Wave (safe; 1% risk of failure)
Confirm with . or Enter, or press ? or * to list all spells.
Flames lash the torpor snail.
The torpor snail is moderately wounded.
The torpor snail's fire resistance burns away.
The torpor snail bites you!
* * * LOW HITPOINT WARNING * * *
You feel much better. The torpor snail bites you!
* * * LOW HITPOINT WARNING * * *
Unknown command.
Casting: Scorch (safe; 1% risk of failure)
Confirm with . or Enter, or press ? or * to list all spells.
Casting: Flame Wave (safe; 1% risk of failure)
Press: ? - help, Dir - look around, f - activate You feel a surge of power!
A wave of flame ripples out!
The flame wave engulfs the torpor snail!
The torpor snail is burned terribly!
The torpor snail is heavily wounded. (Press . to intensify the flame waves.)
The torpor snail bites you!
* * * LOW HITPOINT WARNING * * *
There are no items here.
A wave of flame ripples out!
The flame wave engulfs the torpor snail.
The torpor snail is burned terribly!
The torpor snail is heavily wounded.
The torpor snail is no longer more vulnerable to fire.
The torpor snail bites you!
* * * LOW HITPOINT WARNING * * *
A wave of flame ripples out!
The flame wave engulfs the torpor snail!!
The torpor snail is almost dead.
The torpor snail bites you!
You die...

########
.......###########
.................#
...).#......#.#..#
###..##...#####..#
##..##.## #.@##
..[#.... #.w.#
...#..#.# #..##
#...###### #..#
#.... #..# ##.#
#^.# #..# ##.#


You could see a torpor snail.

Vanquished Creatures
  Gastronok (Lair:1)
  Nessos (Lair:5)
  A dire elephant (Lair:5)
  Josephine (D:11)
  A great orb of eyes (D:15)
  2 rakshasas (D:15)
  5 vault guards (D:14)
  4 hydras
  4 centaur warriors
  4 ogre magi (Orc:2)
  3 catoblepae
  18 two-headed ogres
  Erica (D:8)
  3 boulder beetles
  2 death yaks (Lair:5)
  Sonja (D:12)
  A spectral dire elephant (Lair:5)
  A skyshark (shapeshifter) (D:13)
  2 spectral death yaks (Lair:5)
  4 skeletal warriors (D:14)
  A spectral anaconda (Lair:5)
  An orb spider (Spider:1)
  A wizard (D:14)
  3 necromancers (Lair:5)
  Pikel (D:7)
  A steelbarb worm (Spider:1)
  3 orc knights
  3 deep elf pyromancers
  26 ugly things
  A cyclops (D:11)
  3 harpies (Lair:2)
  An oklob plant (Lair:5)
  An orc sorcerer (Orc:1)
  A wolf spider (Spider:1)
  3 manticores
  A dire elephant zombie (Lair:5)
  A demonic crawler (Spider:1)
  18 elephants
  5 black mambas
  Joseph (D:9)
  A cane toad (shapeshifter) (D:15)
  Psyche (D:9)
  12 cane toads
  A dire elephant skeleton (Lair:5)
  2 gargoyles
  A kobold demonologist (D:9)
  Maggie (D:7)
  A rime drake (shapeshifter) (D:15)
  A yaktaur (D:14)
  10 komodo dragons
  3 tengu conjurers (D:14)
  A rime drake (Lair:2)
  6 trolls
  5 polar bears
  Grinder (D:3)
  A tarantella (shapeshifter) (D:9)
  A tarantella (Lair:3)
  5 blink frogs (Lair:5)
  4 spectral elephants (Lair:5)
  11 slime creatures
  2 jumping spiders (Spider:1)
  5 wraiths
  2 shadows (D:10)
  49 yaks
  2 vampires (D:11)
  3 wyverns
  A human (D:14)
  6 basilisks
  3 steam dragons
  2 spectral cane toads (Lair:5)
  5 wargs
  7 redbacks
  5 acid dragons
  16 water moccasins
  15 orc warriors
  A black bear (shapeshifter) (D:13)
  4 black bears
  2 elephant zombies (Lair:5)
  27 ogres
  24 wolves
  16 centaurs
  4 kobold brigands
  4 lemures (D:7)
  A phantom (D:6)
  13 bullfrogs
  3 gnoll sergeants
  2 scorpions
  A cane toad simulacrum (Lair:5)
  6 wights
  2 elephant simulacra (Lair:5)
  4 electric eels
  7 howler monkeys
  7 orc priests
  2 gnoll boudas
  4 hounds
  7 jellies
  3 iguanas
  Ijyb (D:3)
  19 orc wizards
  19 gnolls
  7 adders
  3 shadow imps
  2 white imps
  2 ufetubi (D:5)
  2 dart slugs
  2 worms
  44 orcs
  3 bats
  4 endoplasms
  14 giant cockroaches
  2 goblins
  8 hobgoblins
  2 quokkas
  2 ball pythons
  4 frilled lizards (D:1)
  26 kobolds
  9 rats
  A bush (Lair:4)
  8 butterflies
656 creatures vanquished.

Vanquished Creatures (collateral kills)
  85 foxfires
85 creatures vanquished.

Vanquished Creatures (others)
  A jumping spider (Spider:1)
  3736 foxfires
  35 fungi
  107 plants
  37 withered plants
3916 creatures vanquished.

Grand Total: 4657 creatures vanquished

Notes
Turn   | Place    | Note
-------+----------+-------------------------------------------
     0 | D:1      | cforsyth the Ogre Fire Elementalist began the quest for the
                  | Orb.
     0 | D:1      | Reached XP level 1. HP: 16/16 MP: 3/3
   223 | D:1      | Reached skill level 1 in Conjurations
   347 | D:1      | Reached XP level 2. HP: 24/24 MP: 2/5
  1263 | D:2      | Reached XP level 3. HP: 30/31 MP: 0/7
  2289 | D:2      | Learned a level 2 spell: Scorch
  2493 | D:3      | Found a faded altar of an unknown god.
  2497 | D:3      | Reached skill level 3 in Spellcasting
  2715 | D:3      | Noticed Grinder
  2728 | D:3      | Killed Grinder
  2729 | D:3      | Reached XP level 4. HP: 21/39 MP: 0/9
  2729 | D:3      | Reached XP level 5. HP: 25/45 MP: 0/10
  2729 | D:3      | Reached XP level 6. HP: 29/53 MP: 0/11
  2928 | D:3      | Noticed Ijyb
  2939 | D:3      | Killed Ijyb
  3507 | D:4      | Reached skill level 4 in Spellcasting
  3548 | D:4      | Found a shimmering blue altar of Sif Muna.
  3706 | D:4      | Found a staircase to the Ecumenical Temple.
  3921 | Temple   | Entered the Ecumenical Temple
  3926 | Temple   | Became a worshipper of Vehumet
  4819 | D:5      | Entered Level 5 of the Dungeon
  4878 | D:5      | Reached XP level 7. HP: 59/59 MP: 13/13
  5570 | D:5      | Reached skill level 5 in Spellcasting
  6497 | D:6      | Reached XP level 8. HP: 67/67 MP: 16/16
  6722 | D:6      | Reached skill level 5 in Fire Magic
  7368 | D:6      | Learned a level 4 spell: Flame Wave
  7456 | D:7      | Reached skill level 6 in Spellcasting
  7639 | D:7      | Noticed a troll
  7653 | D:7      | Killed a troll
  7886 | D:7      | Reached skill level 5 in Conjurations
  7966 | D:7      | Noticed a yak
  7969 | D:7      | Noticed a yak
  7971 | D:7      | Noticed a yak
  7972 | D:7      | Noticed a yak
  7973 | D:7      | Noticed a yak
  7973 | D:7      | Killed a yak
  8017 | D:7      | Reached * piety under Vehumet
  8017 | D:7      | Offered knowledge of Magic Dart by Vehumet.
  8051 | D:7      | Reached skill level 7 in Spellcasting
  8051 | D:7      | Reached XP level 9. HP: 74/74 MP: 19/19
  8953 | D:7      | Found a sacrificial altar of Ru.
  8953 | D:7      | Found a broken altar of Ashenzari.
  8995 | D:7      | Noticed Maggie
  9007 | D:7      | Killed Maggie
  9008 | D:7      | Reached skill level 8 in Spellcasting
  9013 | D:7      | Learned a level 4 spell: Sticky Flame
  9584 | D:7      | Found an ornate altar of the Wu Jian Council.
  9962 | D:7      | Noticed Pikel
  9980 | D:7      | Killed Pikel
  9981 | D:7      | Reached XP level 10. HP: 55/81 MP: 17/22
 10180 | D:7      | Found a hazy altar of Hepliaklqana.
 10295 | D:8      | Reached skill level 9 in Spellcasting
 10373 | D:8      | Found an iron altar of Okawaru.
 10375 | D:8      | Found an opulent altar of Gozag.
 10621 | D:8      | Found a bloodstained altar of Trog.
 10692 | D:8      | Identified the +2 long sword of Doom {heavy, rC+ Will+
                  | Str+2}
 10811 | D:8      | Noticed Erica
 10818 | D:8      | Killed Erica
 11741 | D:8      | Identified the +1 dagger of Gozag {freeze, Int+2}
 11889 | D:9      | Found a staircase to the Orcish Mines.
 12004 | D:9      | Reached skill level 10 in Spellcasting
 12293 | D:9      | Identified the +4 quarterstaff "Tuom" {spect, Str+2 Int+3
                  | Dex-2}
 12546 | D:9      | Found a white marble altar of Elyvilon.
 12588 | D:9      | Found a burning altar of Makhleb.
 12598 | D:9      | Noticed Psyche
 12622 | D:9      | Killed Psyche
 12623 | D:9      | Reached ** piety under Vehumet
 12623 | D:9      | Noticed Joseph
 12629 | D:9      | Killed Joseph
 12630 | D:9      | Reached XP level 11. HP: 88/88 MP: 9/25
 13198 | D:9      | Found a runed translucent gate.
 13198 | D:9      | Found a runed translucent gate.
 13198 | D:9      | Found a runed translucent gate.
 13212 | D:9      | Noticed a sun demon
 13427 | D:9      | Found an ancient bone altar of Kikubaaqudgha.
 13427 | D:9      | Found a blossoming altar of Fedhas.
 13602 | D:9      | Noticed a purple ugly thing
 13602 | D:9      | Noticed a red ugly thing
 13602 | D:9      | Noticed a white ugly thing
 13603 | D:9      | Noticed a white ugly thing
 13627 | D:9      | Noticed an orb spider
 13627 | D:9      | an orb spider changed into an alligator
 13627 | D:9      | Noticed an alligator (glowing shapeshifter)
 13661 | D:9      | a tyrant leech changed into a dire elephant
 13661 | D:9      | Noticed a dire elephant (glowing shapeshifter)
 13662 | D:9      | a dire elephant changed into a fenstrider witch
 13662 | D:9      | Noticed a fenstrider witch (glowing shapeshifter)
 13663 | D:9      | a fenstrider witch changed into an iron troll
 13663 | D:9      | Noticed an iron troll (glowing shapeshifter)
 13665 | D:9      | an iron troll changed into a fire giant
 13665 | D:9      | Noticed a fire giant (glowing shapeshifter)
 13748 | D:9      | Offered knowledge of Searing Ray by Vehumet.
 14182 | D:10     | Entered Level 10 of the Dungeon
 14314 | D:10     | Noticed a two-headed ogre
 14322 | D:10     | Killed a two-headed ogre
 14585 | D:10     | Noticed a two-headed ogre
 14590 | D:10     | Killed a two-headed ogre
 14591 | D:10     | Reached skill level 11 in Spellcasting
 16275 | D:11     | Noticed a cyclops
 16276 | D:11     | Noticed Josephine
 16322 | D:11     | Offered knowledge of Mephitic Cloud by Vehumet.
 16323 | D:11     | Reached skill level 10 in Fire Magic
 16334 | D:11     | Killed Josephine
 16345 | D:11     | Killed a cyclops
 16586 | D:11     | Reached skill level 12 in Spellcasting
 16586 | D:11     | Reached XP level 12. HP: 79/96 MP: 28/28
 16999 | D:11     | Found a staircase to the Lair.
 17080 | D:11     | Noticed a two-headed ogre
 17084 | D:11     | Killed a two-headed ogre
 17085 | D:11     | Reached skill level 10 in Conjurations
 17147 | D:11     | Reached *** piety under Vehumet
 18112 | D:12     | Noticed Sonja
 18123 | D:12     | Killed Sonja
 18698 | Lair:1   | Entered Level 1 of the Lair of Beasts
 18725 | Lair:1   | Offered knowledge of Iskenderun's Mystic Blast by Vehumet.
 19087 | Lair:1   | Reached skill level 13 in Spellcasting
 19457 | Lair:1   | Learned a level 4 spell: Iskenderun's Mystic Blast
 19647 | Lair:1   | Reached skill level 1 in Fighting
 19726 | Lair:1   | Noticed a catoblepas
 19734 | Lair:1   | Killed a catoblepas
 19750 | Lair:1   | Noticed Gastronok
 19773 | Lair:1   | Killed Gastronok
 20448 | Lair:1   | Reached skill level 5 in Fighting
 20769 | Lair:2   | Reached XP level 13. HP: 106/119 MP: 30/30
 20770 | Lair:2   | Reached skill level 5 in Dodging
 21281 | Lair:2   | Found a staircase to the Shoals.
 21286 | Lair:2   | Reached **** piety under Vehumet
 21596 | Lair:2   | You fall into a shaft and drop 2 floors!
 21628 | Lair:3   | Offered knowledge of Irradiate by Vehumet.
 21923 | Lair:3   | Found a hole to the Spider Nest.
 23074 | Lair:2   | Reached ***** piety under Vehumet
 23252 | Lair:2   | Reached skill level 10 in Fighting
 24746 | Lair:4   | Reached XP level 14. HP: 146/146 MP: 29/31
 24944 | Lair:4   | Offered knowledge of Conjure Ball Lightning by Vehumet.
 25498 | Lair:5   | Entered Level 5 of the Lair of Beasts
 26289 | Lair:5   | Noticed Nessos
 26863 | Lair:5   | Killed Nessos
 27325 | Lair:5   | Reached skill level 10 in Dodging
 27661 | Lair:5   | Noticed a dire elephant
 27673 | Lair:5   | Killed a dire elephant
 28248 | Lair:5   | Found a staircase to the Slime Pits.
 31223 | Orc:1    | Entered Level 1 of the Orcish Mines
 31463 | Orc:1    | Found Qouginef's Assorted Antiques.
 31784 | Orc:2    | Entered Level 2 of the Orcish Mines
 32892 | Orc:2    | Reached XP level 15. HP: 28/165 MP: 32/32
 33997 | Orc:2    | Found Ydi Fevyl's Distillery.
 33997 | Orc:2    | Found Etum Ogagoi's General Store.
 33997 | Orc:2    | Found Ceclorach's Armour Emporium.
 33997 | Orc:2    | Found Liygecle's Distillery.
 34245 | Orc:2    | Reached skill level 14 in Spellcasting
 34358 | Orc:2    | Found a staircase to the Elven Halls.
 35196 | D:9      | Found a runed translucent gate.
 35196 | D:9      | Found a runed translucent gate.
 35199 | D:9      | Found a runed translucent gate.
 35202 | D:9      | Noticed jr88keys's ghost (novice GrFi)
 35382 | D:13     | Got Meleown's Spellbook of Sandy Fulmination
 35422 | D:13     | Learned a level 5 spell: Iskenderun's Battlesphere
 36117 | D:13     | Found a stormy altar of Qazlal.
 38107 | D:14     | Reached XP level 16. HP: 101/174 MP: 30/34
 38629 | D:14     | Found a gate to the Vaults.
 38743 | D:15     | Entered Level 15 of the Dungeon
 38864 | D:14     | Reached skill level 15 in Spellcasting
 39172 | D:15     | Offered knowledge of Arcjolt by Vehumet.
 41209 | D:15     | Found a bloodstained altar of Trog.
 41845 | D:15     | Found a staircase to the Depths.
 42064 | Spider:1 | Entered Level 1 of the Spider Nest
 43602 | Spider:1 | Reached skill level 1 in Armour
 43604 | Spider:1 | HP: 5/174 [torpor snail (13)]
 43608 | Spider:1 | Slain by a torpor snail

Illustrated notes

Levels and vault maps discovered:
D:1:      amcnicky_arrival_wind_blow, layout_loops_ring, serial_bayou_crossing
D:2:      minmay_roachtagon, layout_loops_ring
D:3:      layout_rooms, shapermc_ecumenical_altar_starsandcircs, minivault_4,
          minmay_misc_feat_plants, uniq_ijyb, uniq_grinder
D:4:      layout_loops_corners, lemuel_doored_altar, minmay_temple_entry_ruins,
          chequers_serial_rivers_micro_a
D:5:      layout_basic, minivault_26
D:6:      layout_loops_ring
D:7:      layout_gridville, mainiacjoe_overflow_alcove_1,
          nicolae_hepliaklqana_hippocampus, gammafunk_temple_overflow_elements,
          uniq_pikel, uniq_maggie
D:8:      layout_basic, kennysheep_little_box, gammafunk_temple_overflow_pools,
          minivault_4, minivault_10, nrook_mini_backslash, uniq_erica
D:9:      layout_rooms, grunt_temple_overflow_growth_and_decay,
          mainiacjoe_overflow_catwalk, nicolae_elyvilon_temple_path,
          ploomutoo_gammafunk_ghost_potion_laboratory,
          nicolae_elevator_lobby_asterisk, uniq_joseph, uniq_psyche
D:10:     layout_loops_ring, hangedman_decor_peaks_small, chequers_big_river
D:11:     layout_stronghold, lair_entry_dummy, uniq_josephine
D:12:     layout_cave_pools, uniq_sonja
D:13:     layout_gridville, nicolae_qazlal_scattered_showers
D:14:     layout_irregular_city, grunt_vaults_entry_fortified
D:15:     gammafunk_enter_depths_forms, layout_loops_ring,
          minmay_misc_feat_tiny, minmay_misc_feat_rugged, tgw_trog
Temple:   hellmonk_temple_micro_hex
Lair:1:   layout_gridlike, patterned_corridor, lemuel_fruit_fields,
          uniq_gastronok
Lair:2:   layout_regular_city, nicolae_shoals_entry_roost, serial_bayou_shore_a,
          infiniplex_staircase_pool
Lair:3:   layout_hall_layers, spider_nest_entry_a, minmay_shattered_shrine,
          lemuel_fruit_fields
Lair:4:   layout_gridlike
Lair:5:   due_jungle_book, layout_cave_pods, nicolae_slime_entry_field_trip,
          cheibrodos_lair_lostbears, lemuel_fruit_fields, grunt_megastairs_4,
          lemuel_fruit_tree, uniq_nessos
Spider:1: nicolae_spider_hilbert_zone_1 [nicolae_spider_hilbert_4_sides_1_open,
          nicolae_spider_hilbert_4_sides_1_open,
          nicolae_spider_hilbert_4_sides_1_open,
          nicolae_spider_hilbert_4_sides_1_open,
          nicolae_spider_hilbert_3_sides_1_open,
          nicolae_spider_hilbert_3_sides_1_open,
          nicolae_spider_hilbert_3_sides_1_open,
          nicolae_spider_hilbert_3_sides_1_open,
          nicolae_spider_hilbert_3_sides_1_open,
          nicolae_spider_hilbert_6_sides_1_open,
          nicolae_spider_hilbert_6_sides_1_open,
          nicolae_spider_hilbert_3_sides_1_open,
          nicolae_spider_hilbert_3_sides_1_open,
          nicolae_spider_hilbert_3_sides_1_open,
          nicolae_spider_hilbert_3_sides_1_open,
          nicolae_spider_hilbert_2_sides_1_open],
          nicolae_spider_baby_got_redback
Orc:1:    layout_caves, basic_altar, serial_shops, nicolae_shop_hallway_plus
Orc:2:    st_orc_ogre_mass, layout_diamond_mine, guppyfry_library_mini

Skill      XL: |  1  2  3  4  5  6  7  8  9 10 11 12 13 14 15 16 |
---------------+-------------------------------------------------+-----
Conjurations   | 1 2 3 4 5 7 8 9 10 11 12 13 | 13.0
Dodging        | 2 4 8 10 | 10.9
Fire Magic     | 3 4 6 7 9 10 11 12 13 | 13.3
Spellcasting   | 3 4 5 7 8 10 12 13 14 15 | 15.5
Stealth        | 2 |  2.5
Fighting       | 5 11 14 | 14.5
Armour         | 1 |  1.2

Action                     |  1- 3 |  4- 6 |  7- 9 | 10-12 | 13-15 | 16-18 || total
---------------------------+-------+-------+-------+-------+-------+-------++-------
  Melee: Unarmed           |    36 |     4 |    10 |       |       |       ||    50
         Staff             |       |       |     2 |    44 |     6 |    21 ||    73
   Cast: Foxfire           |   123 |    87 |   309 |   591 |   946 |   127 ||  2183
         Flame Wave        |       |       |     6 |    50 |   141 |    31 ||   228
         Scorch            |       |       |     4 |    55 |   164 |    53 ||   276
         Iskenderun's Batt |       |       |       |       |    10 |     1 ||    11
         Iskenderun's Myst |       |       |       |       |     1 |       ||     1
    Use: Scroll            |       |       |     1 |    18 |    12 |     2 ||    33
         Potion            |       |       |       |     2 |     1 |     3 ||     6
   Stab: Sleeping          |     1 |       |       |       |       |       ||     1
 Armour: Robe              |    26 |     5 |     2 |       |       |       ||    33
         Troll leather arm |       |       |    13 |    65 |    22 |       ||   100
         Fire dragon scale |       |       |       |       |   177 |    56 ||   233
         Shadow dragon sca |       |       |       |       |     4 |       ||     4
  Dodge: Dodged            |    48 |     8 |    47 |   174 |   221 |    55 ||   553

Table legend: (Time is in decaauts)
 A = Elapsed time spent in this place.
 B = Non-inter-level travel time spent in this place.
 C = Inter-level travel time spent in this place.
 D = Time resting spent in this place.
 E = Time spent auto-exploring this place.
 F = Levels seen in this place.
 G = Mean time per level.
                   A        B        C        D        E       F      G
               +--------+--------+--------+--------+--------+-----+--------+
         Total |  43675 |  42288 |   1387 |  15726 |  20624 |  24 | 1819.8 |
       Dungeon |  26243 |  25317 |    926 |   8129 |  13907 |  15 | 1749.5 |
        Temple |     10 |      5 |      5 |      0 |      0 |   1 |   10.0 |
          Lair |  13355 |  12973 |    382 |   5935 |   5126 |   5 | 2671.0 |
   Spider Nest |    371 |    371 |      0 |    151 |     91 |   1 |  371.0 |
  Orcish Mines |   3693 |   3621 |     72 |   1511 |   1500 |   2 | 1846.5 |
               +--------+--------+--------+--------+--------+-----+--------+

Top non-repeatable levels by time:
  Lair:5: 5363 daAuts
    D:14: 3553 daAuts
  Lair:3: 3060 daAuts
   Orc:2: 2543 daAuts
    D:10: 2338 daAuts
     D:7: 2228 daAuts
     D:9: 2171 daAuts
    D:11: 2156 daAuts
     D:8: 2133 daAuts
    D:15: 2011 daAuts
  Lair:1: 1934 daAuts
  Lair:2: 1779 daAuts
     D:6: 1725 daAuts
     D:5: 1478 daAuts
     D:4: 1402 daAuts
